 Dungeon Crawl Stone Soup version 0.31-a0-202-g547052bce9 (webtiles) character file.

Game seed: 9980112560439389864

13 qw the Shooter (level 2, -1/16 HPs)
             Began as a Deep Elf Hunter on June 26, 2023.
             Slain by a goblin
             ... wielding a +0 dagger
              (2 damage)
             ... on level 1 of the Dungeon.
             The game lasted 00:00:07 (172 turns).

qw the Shooter (Deep Elf Hunter)                     Turns: 172, Time: 00:00:08

Health: -1/16      AC:  3    Str:  8    XL:     2   Next: 24%
Magic:  4/4        EV: 12    Int: 13    God:
Gold:   0          SH:  0    Dex: 18    Spells: 1/1 levels left

rFire   . . .        a - +0 shortbow
rCold   . . .        (shield currently unavailable)
rNeg    . . .        c - +0 leather armour
rPois   .            (no helmet)
rElec   .            (no cloak)
rCorr   .            (no gloves)
SInv    .            (no boots)
Will    .....        (no amulet)
Stlth   ++           (no ring)
HPRegen 0.22/turn    (no ring)
MPRegen 0.09/turn

%: no passive effects
@: no status effects
A: no striking features
a: no special abilities


You were on level 1 of the Dungeon.
You visited 1 branch of the dungeon, and saw 1 of its levels.


   Skills:
 - Level 1.5 Fighting
 + Level 6.1 Ranged Weapons
 - Level 2.4 Dodging
 - Level 1.2 Stealth


You had one spell level left.
You didn't know any spells.
Your spell library was empty.

Inventory:

Hand Weapons
 a - a +0 shortbow (weapon)
Armour
 c - a +0 leather armour (worn)
 g - a +0 pair of gloves
Scrolls
 b - a scroll of butterflies
 e - a scroll of fear {unknown}
Potions
 d - 2 potions of mutation {unknown}
 f - a potion of attraction {unknown}

Dungeon Overview and Level Annotations

Branches:
Dungeon (1/15)

Altars:


Message History

The goblin is heavily wounded.
You hear an angry hiss.
You hear a shout!
The hobgoblin hits you but does no damage.
The goblin hits you with a +0 dagger. The goblin closely misses you.
You shoot an arrow. The arrow barely misses the goblin.
A ball python comes into view.
The hobgoblin closely misses you.
A kobold comes into view. It is wielding a +0 short sword.
The goblin barely misses you. The goblin closely misses you.
You shoot an arrow. The ball python hisses angrily.
The arrow hits the goblin!
You kill the goblin!
The hobgoblin hits you. The goblin hits you but does no damage.
You shoot an arrow. The arrow closely misses the hobgoblin.
The kobold closely misses you. The hobgoblin closely misses you.
The goblin barely misses you.
You shoot an arrow. The arrow closely misses the kobold.
A goblin comes into view. It is wielding a +0 club.
The kobold closely misses you. The hobgoblin hits you.
The goblin hits you but does no damage. The kobold hits you but does no damage.
The ball python misses you. The ball python grabs you.
The ball python constricts you. The goblin hits you with a +0 dagger.
The kobold closely misses you. The hobgoblin hits you.
The kobold barely misses you.
You shoot an arrow.
The arrow barely misses the ball python.
The goblin shouts!
A giant cockroach comes into view.
The ball python bites you but does no damage.
The ball python constricts you. The kobold hits you but does no damage.
The hobgoblin hits you but does no damage.
The kobold hits you with a +0 short sword.
The goblin barely misses you.
You shoot an arrow. The arrow hits the ball python.
You kill the ball python!
The kobold hits you but does no damage.
The kobold hits you with a +0 short sword.
The goblin hits you with a +0 dagger.
You die...

#####.....#
#......##..#
..###..###.# ###
##%.##..# ##B..
.#####%..##..## ...
.......#.###..# ...
#####..%..#
#.####.#
##.##.###.#.gKg# #
#.#..%.....@.## .##
#.#........Kg# ..#
##.#..............
#.#
#..#......>...#..#
#.#
#.#############...#
#.# #.# ..!# #.#
#.#####.. ...
#.###.......# ...
....)..######


You could see a giant cockroach, a hobgoblin, 2 goblins and 2 kobolds.

Vanquished Creatures
  A bat (D:1)
  An endoplasm (D:1)
  A goblin (D:1)
  2 hobgoblins (D:1)
  A kobold (D:1)
  2 quokkas (D:1)
  3 ball pythons (D:1)
  A frilled lizard (D:1)
12 creatures vanquished.

Notes
Turn   | Place    | Note
-------+----------+-------------------------------------------
     0 | D:1      | qw the Deep Elf Hunter began the quest for the Orb.
     0 | D:1      | Reached XP level 1. HP: 12/12 MP: 3/3
     0 | D:1      | 0 ||| qw: Version: 0.3-a-22-g0ed2b0b
     0 | D:1      | 0 ||| qw: Game counter: 6292
     0 | D:1      | 0 ||| qw: Melee chars always use a shield: true
     0 | D:1      | 0 ||| qw: God list: Okawaru
     0 | D:1      | 0 ||| qw: Allow faded altars: false
     0 | D:1      | 0 ||| qw: Do Orc after clearing Dungeon:15 true
     0 | D:1      | 0 ||| qw: Do second Lair branch before Depths: true
     0 | D:1      | 0 ||| qw: Lair rune preference: random
     0 | D:1      | 0 ||| qw: Goals: Normal
     0 | D:1      | 0 ||| PLANNING D:1-11
    62 | D:1      | Reached XP level 2. HP: 7/16 MP: 4/4
    65 | D:1      | HP: 4/16 [constriction (1)]
    67 | D:1      | Reached skill level 6 in Ranged Weapons
   171 | D:1      | HP: 2/16 [kobold/+0 short sword (3)]
   172 | D:1      | Slain by a goblin

Levels and vault maps discovered:
D:1:      tarquinn_simple_flora_water_d, layout_rooms, nicolae_the_louvre

Skill      XL: |  1  2 |
---------------+-------+-----
Ranged Weapons | 6 |  6.1
Fighting       | |  1.5
Dodging        | |  2.4
Stealth        | |  1.2

Action                     || total
---------------------------++-------
   Fire: Shortbow          ||    46
 Armour: Leather armour    ||    16
  Dodge: Dodged            ||    22

Table legend:
 A = Non-vault XP
 B = Vault XP
 C = Vault XP percentage of total XP
 D = Non-vault monster count
 E = Vault monster count
 F = Vault count percentage of total count
                 A         B        C        D         E       F
            +---------+---------+-------+---------+---------+-------
      Total |      21 |       0 |   0.0 |      12 |       0 |   0.0
            +---------+---------+-------+---------+---------+-------
        D:1 |      21 |       0 |   0.0 |      12 |       0 |   0.0
            +---------+---------+-------+---------+---------+-------
